cohdb
Replays
Latest Replays
All Replays
Popular Replays
Top Player Replays
Match Explorer
How It Works
Community
CoH3 Stats
Reddit
Sign in to upload your games and track your stats! →
Sign in with Steam
Match 44683934
Unlisted
Match 44683934
Overview
Messages
Build Orders
End
Engineer Squad
Selects Airborne Battlegroup
Selects Heavy Machine Gun Paradrop
Heavy Machine Gun Paradrop
Engineer Squad
Heavy Machine Gun Paradrop
Engineer Squad
Construct Medical Station
Selects Paratrooper Squad Paradrop
Heavy Machine Gun Paradrop
Infantry Support Center
Heavy Machine Gun Paradrop
Paratrooper Squad Paradrop
Selects Anti-tank Gun Team Paradrop
Paratrooper Squad Paradrop
NebulaFeri
no pasaran
farjam4k
Torus
Team saupiquet
Marwar
0
0
Comments
sign in to comment!
No comments posted yet!